 Dungeon Crawl Stone Soup version 0.27.1-2-g3b301248ec (webtiles) character file.

Game seed: 5561744047252198828

1582 Kinoniko the Cudgeller (level 8, -10/58 HPs)
             Began as a Demonspawn Berserker on Oct 1, 2021.
             Was an Elder of Trog.
             Killed from afar by Edmund (11 damage)
             ... with a puff of flame
             ... on level 6 of the Dungeon.
             The game lasted 00:05:12 (6351 turns).

Kinoniko the Cudgeller (Demonspawn Berserker)       Turns: 6351, Time: 00:05:12

Health: -10/58     AC: 14    Str: 20    XL:     8   Next: 60%
Magic:  8/8        EV:  6    Int:  8    God:    Trog [****..]
Gold:   437        SH:  0    Dex: 13    Spells: 7/7 levels left

rFire    . . .     SeeInvis .   e - +8 mace "Ahunadd" {venom, rElec rN+}
rCold    . . .     Faith    .   (no shield)
rNeg     + . .     Spirit   .   t - +0 plate armour
rPois    +         Reflect  .   (helmet restricted)
rElec    +         Harm     .   (no cloak)
rCorr    .         Rampage  .   (no gloves)
Will     .....                  c - +1 pair of boots
Stlth    ..........             (no amulet)
HPRegen  0.19/turn              j - ring of flight
MPRegen  0.11/turn              v - ring of poison resistance

@: on berserk cooldown, flying, slowed, very slow
A: horns 1, yellow scales 1, ignite blood 1
a: Renounce Religion, Berserk, Trog's Hand, Brothers in Arms


You were on level 6 of the Dungeon.
You worshipped Trog.
Trog was greatly pleased with you.
You visited 1 branch of the dungeon, and saw 6 of its levels.
You also visited: Ossuary.

You collected 437 gold pieces.

Inventory:

Hand Weapons
 a - a +1 hand axe of electrocution
 e - the +8 mace "Ahunadd" (weapon) {venom, rElec rN+}
   (You found it on level 4 of the Dungeon)

   It poisons the flesh of those it strikes.
   rElec:     It insulates you from electricity.
   rN:        It protects you from negative energy.
Missiles
 q - a throwing net (quivered)
Armour
 b - a +0 animal skin
 c - a +1 pair of boots (worn)
 n - a +2 animal skin
 o - a +0 helmet
 t - a +0 plate armour (worn)
 z - a +0 cloak
Jewellery
 j - a ring of flight (left hand)
 r - a ring of ice
 v - a ring of poison resistance (right hand)
Wands
 k - a wand of mindburst (12)
 m - a wand of digging (3)
 s - a wand of paralysis (7)
Scrolls
 i - a scroll of holy word
 l - a scroll of immolation
 u - a scroll of teleportation
 w - a scroll of acquirement {unknown}
 x - a scroll of silence {unknown}
 y - a scroll of identify
Potions
 d - 2 potions of degeneration {unknown}
 f - a potion of brilliance {unknown}
 g - 3 potions of lignification {unknown}
 h - 3 potions of haste {unknown}
 p - 2 potions of might {unknown}


   Skills:
 - Level 3.0 Fighting
 - Level 7.2(8.6) Axes
 * Level 7.3(8.7) Maces & Flails
 - Level 1.7 Armour
 - Level 1.7 Dodging


You had 7 spell levels left.
You didn't know any spells.
Your spell library contained the following spells:

 Spells                   Type           Power      Damage    Failure   Level
 Corona                   Hex            0%         N/A       100%        1
 Slow                     Hex            0%         N/A       100%        2
 Confusing Touch          Hex            0%         N/A       100%        3
 Yara's Violent Unravell  Hex/Tmut       0%         3d3       100%        5


Dungeon Overview and Level Annotations

Branches:
Dungeon (6/15)            Ossuary (visited)
 Temple: D:4-7

Altars:

Shops:
D:2 (

Annotations:
D:6 Edmund


Innate Abilities, Weirdness & Mutations

You have a pair of small horns on your head.
You are partially covered in yellow scales. (AC +2)
Your demonic aura sometimes causes spilled blood to erupt in flames.


Message History

Trog accepts your kill.
Edmund zaps a wand.
The puff of flame hits you but does no damage.
Your base Maces & Flails skill increases to level 7!
You feel a strong urge to attack something.
You are too injured to fight recklessly!
You are too injured to fight recklessly!
You are too injured to fight recklessly!
You are too injured to fight recklessly!
You feel your anger nearly subside.
Edmund zaps a wand.
The puff of flame misses you.
You are too injured to fight recklessly!
You are too injured to fight recklessly!
You are too injured to fight recklessly!
You are too injured to fight recklessly!
Unknown command.
You barely miss the ice beast. The ice beast hits you.
The ice beast freezes you.
You bludgeon the ice beast!!
The ice beast is almost dead.
The ice beast hits you. The ice beast freezes you!
* * * LOW HITPOINT WARNING * * *
You sock the ice beast!
You kill the ice beast!
Trog accepts your kill. Edmund completely misses you.
You closely miss Edmund.
Edmund zaps a wand.
The puff of flame hits you but does no damage.
You barely miss Edmund.
You are no longer berserk.
You are exhausted.
You feel yourself slow down.
You barely miss Edmund. You headbutt Edmund!
Edmund is moderately wounded.
Edmund hits you with a +3 dire flail of holy wrath!
* * * LOW HITPOINT WARNING * * *
You convulse.
* * * LOW HITPOINT WARNING * * *
Edmund zaps a wand.
The puff of flame hits you!
You die...

.......## # ##
...<.........
..........#.#
........#...#
#.......#...#
............####
...............#
......@@☼.#>..#
##....#...†...#
....#.........#
...##.#.###...#
.......<......#
#.###.#.###..##
...#.. ... ..##
#... ## ## #####


You could see Edmund.

Vanquished Creatures
  3 ice beasts
  2 black bears
  A sky beast (D:6)
  A centaur (D:5)
  2 ogres
  An elf zombie (Ossuary)
  3 scorpions
  A bullfrog zombie (D:5)
  A hound (D:5)
  A jelly (D:4)
  A human zombie (Ossuary)
  An orc priest (D:5)
  A bullfrog skeleton (D:5)
  Crazy Yiuf (D:5)
  Jessica (D:2)
  An iguana (D:4)
  Terence (D:3)
  An orc wizard (D:5)
  A hound skeleton (D:5)
  2 mummies (Ossuary)
  Robin (D:2)
  A howler monkey skeleton (D:4)
  7 adders
  An ufetubus (D:5)
  An adder skeleton (D:4)
  A worm (D:2)
  2 dart slugs
  10 orcs
  6 ball pythons
  7 endoplasms
  5 giant cockroaches
  3 gnoll zombies (Ossuary)
  21 goblins
  13 hobgoblins
  7 jackals
  3 quokkas (D:2)
  6 bats
  2 frilled lizards (D:2)
  4 goblin zombies (Ossuary)
  3 hobgoblin zombies (Ossuary)
  4 kobolds
  2 orc zombies (Ossuary)
  4 rats
141 creatures vanquished.

Vanquished Creatures (others)
  14 plants (D:3)
14 creatures vanquished.

Grand Total: 155 creatures vanquished

Notes
Turn   | Place    | Note
-------+----------+-------------------------------------------
     0 | D:1      | Kinoniko the Demonspawn Berserker began the quest for the
                  | Orb.
     0 | D:1      | Reached XP level 1. HP: 18/18 MP: 1/1
   335 | D:1      | Found a faded altar of an unknown god.
   351 | D:1      | Got Plato's Incunabulum of the Oath
   448 | D:1      | Gained mutation: You are partially covered in yellow
                  | scales. (AC +2) [demonic ancestry]
   448 | D:1      | Reached XP level 2. HP: 24/24 MP: 2/2
  1066 | D:2      | Reached XP level 3. HP: 13/29 MP: 3/3
  2096 | D:2      | Reached ** piety under Trog
  2281 | D:2      | Noticed Robin
  2288 | D:2      | Gained mutation: Your demonic aura sometimes causes spilled
                  | blood to erupt in flames. [demonic ancestry]
  2288 | D:2      | Reached XP level 4. HP: 35/35 MP: 4/4
  2304 | D:2      | Killed Robin
  2845 | D:2      | Noticed Jessica
  2849 | D:2      | Killed Jessica
  2850 | D:2      | Reached skill level 5 in Axes
  3006 | D:2      | Found Wucul's Antique Weapon Emporium.
  3232 | D:3      | Noticed Terence
  3236 | D:3      | Killed Terence
  3237 | D:3      | Gained mutation: You have a pair of small horns on your
                  | head. [demonic ancestry]
  3237 | D:3      | Reached XP level 5. HP: 41/41 MP: 5/5
  3494 | D:3      | Noticed a black bear
  3499 | D:3      | Killed a black bear
  3887 | D:3      | Reached XP level 6. HP: 45/47 MP: 6/6
  3944 | D:3      | Reached *** piety under Trog
  4561 | D:4      | Identified the +8 mace "Ahunadd" {venom, rElec rN+}
  4951 | D:4      | Reached XP level 7. HP: 52/52 MP: 7/7
  5185 | D:5      | Entered Level 5 of the Dungeon
  5188 | D:5      | Found a sand-covered staircase.
  5192 | D:5      | Reached skill level 1 in Maces & Flails
  5197 | Ossuary  | Entered an ossuary
  5462 | D:5      | Reached **** piety under Trog
  5579 | D:5      | Reached skill level 5 in Maces & Flails
  5579 | D:5      | Reached XP level 8. HP: 58/58 MP: 8/8
  6167 | D:5      | Found a runed translucent door.
  6168 | D:5      | Noticed Crazy Yiuf
  6174 | D:5      | Killed Crazy Yiuf
  6334 | D:6      | Noticed Edmund
  6351 | D:6      | HP: 1/58 [Edmund (2)]
  6351 | D:6      | Killed from afar by Edmund

Illustrated notes

Levels and vault maps discovered:
D:1:      co_arrival_square_in_a_square_in_a_square, layout_basic,
          shapermc_ecumenical_altar_rom_forum
D:2:      layout_loops_cross, serial_shops,
          nicolae_shop_competitors_out_of_business, uniq_robin, uniq_jessica
D:3:      minmay_diamond_boxcup, layout_basic, serial_bayou_lagoon_a,
          chequers_serial_rivers_large_a, uniq_terence
D:4:      layout_loops_cross, kennysheep_generic_room_7
D:5:      layout_rooms, enter_ossuary_2, hangedman_decor_points,
          uniq_crazy_yiuf_cottage
D:6:      layout_basic, kennysheep_mini_moat, minmay_temple_entry_offerings,
          lightli_corner_chamber, uniq_pikel, uniq_edmund, uniq_blork_the_orc

Skill      XL: |  1  2  3  4  5  6  7  8 |
---------------+-------------------------+-----
Axes           | 3 4 5 6 7 |  7.2
Maces & Flails | 5 7 |  7.3
Fighting       | |  3.0
Armour         | |  1.7
Dodging        | |  1.7

Action                   |  1- 3 |  4- 6 |  7- 9 || total
-------------------------+-------+-------+-------++-------
Melee: Hand axe          |   127 |   132 |       ||   259
       Headbutt          |       |    18 |    20 ||    38
       Mace              |       |    16 |   118 ||   134
Invok: Berserk           |     4 |     2 |     4 ||    10
  Use: Scroll            |       |     8 |     1 ||     9
 Stab: Sleeping          |     2 |       |       ||     2
Armor: Animal skin       |    41 |    16 |       ||    57
       Plate armour      |       |    79 |   145 ||   224
Dodge: Dodged            |   101 |    54 |    72 ||   227
